Map: Glittering Ashes LE

Players

Snake

  • Race: Zerg Zerg
  • Spawn Location: 7:00

PiG - Winner!

  • Race: Terran Terran
  • League: Grandmaster
  • Spawn Location: 1:00

VOD

https://www.youtube.com/watch?v=J2pIZNCtIis

Description

Time

  • Played on: July 12, 2022, 7:45 p.m.
  • Length: 10:11
Show
View Real Time Build Order
Export as new Build Order

Snake Zerg 

Build Orders: Hatch First 

Get SALT Encoding   

  12  0:01  Drone  
  13  0:13  Overlord  
  13  0:16  Drone  
  14  0:31  Drone x2  
  14  0:35  Drone  
  17  0:46  Drone  
  18  0:57  Hatchery  
  17  0:59  Drone  
  17  1:01  Extractor  
  17  1:13  Spawning Pool  
  17  1:15  Drone  
  17  1:20  Drone  
  18  1:28  Drone  
  19  1:39  Overlord  
  19  1:50  Drone  
  20  2:01  Queen  
  20  2:02  Metabolic Boost  
  20  2:04  Zergling x2  
  20  2:08  Queen  
  23  2:10  Drone  
  23  2:11  Drone  
  27  2:32  Drone, Hatchery  
  27  2:33  Drone  
  28  2:40  Queen  
  30  2:48  Queen  
  32  2:58  Drone  
  32  2:59  Drone x3  
  35  3:08  Overlord  
  35  3:09  Overlord  
  35  3:14  Drone  
  36  3:26  Queen  
  38  3:27  Drone  
  38  3:28  Drone x4  
  38  3:30  Drone  
  38  3:32  Drone  
  45  3:38  Baneling Nest  
  44  3:44  Drone x2  
  44  3:46  Queen  
  48  3:54  Drone x3  
  48  3:55  Drone  
  52  4:02  Drone x5  
  57  4:12  Overlord, Drone  
  57  4:14  Overlord  
  58  4:26  Evolution Chamber, Extractor  
  58  4:27  Extractor, Drone x2  
  58  4:28  Evolution Chamber, Drone x2  
  58  4:31  Drone x2  
  58  4:32  Drone x4  
  64  4:38  Extractor  
  64  4:39  Extractor  
  64  4:41  Lair  
  62  4:47  Drone x3  
  62  4:48  Drone  
  62  4:49  Drone  
  67  4:58  Drone x2  
  67  4:59  Drone x3  
  72  5:05  Zergling x4  
  72  5:06  Overlord, Extractor  
  73  5:08  Overlord  
  73  5:11  Zerg Melee Weapons Level 1  
  73  5:12  Zerg Ground Armor Level 1  
  73  5:24  Overlord x2  
  73  5:28  Zergling x6  
  74  5:29  Zergling x8  
  80  5:43  Centrifugal Hooks  
  80  5:46  Spire  
  80  5:49  Zergling x2  
  80  5:50  Zergling x12  
  80  5:51  Zergling x2  
  80  5:53  Zergling x2, Hatchery  
  80  5:54  Zergling x2  
  80  5:55  Zergling x2  
  89  6:14  Zergling x4  
  89  6:15  Zergling x24  
  89  6:17  Overlord  
  103  6:20  Overlord  
  103  6:38  Zergling x8  
  103  6:39  Zergling x2  
  108  6:40  Zergling x2  
  109  6:47  Zergling x2  
  109  6:48  Overlord x2, Zergling x8  
  109  6:51  Baneling x9  
  109  6:52  Baneling  
  109  6:53  Baneling  
  109  6:54  Baneling x10  
  114  7:06  Queen  
  114  7:07  Mutalisk x3  
  114  7:08  Mutalisk  
  101  7:26  Zergling x16  
  101  7:27  Zergling x14  
  116  7:42  Mutalisk  
  116  7:43  Mutalisk x5  
  114  7:51  Zergling x2  
  114  7:52  Zergling x12  
  114  7:57  Baneling  
  114  7:58  Baneling x8  
  121  8:01  Mutalisk  
  109  8:32  Zergling x4  
  109  8:33  Zergling x36  
  113  9:17  Zergling x18  
  113  9:18  Zergling x18  
  115  9:25  Zergling x2  
  115  9:26  Zergling x6  
  98  9:33  Zergling x4  
  88  9:42  Baneling  
  88  9:43  Baneling x18  
  88  9:44  Baneling x3  
  80  9:46  Zergling x2  
  80  9:47  Zergling x6  
  80  9:48  Baneling x5  
  80  9:52  Zergling x2  
Show
View Real Time Build Order
Export as new Build Order

PiG Terran - Winner!

Build Orders:  

Get SALT Encoding   

  12  0:00  SCV  
  13  0:13  SCV  
  14  0:17  Supply Depot  
  14  0:25  SCV  
  15  0:39  SCV  
  15  0:40  Barracks  
  16  0:44  Refinery  
  16  0:51  SCV  
  17  1:03  SCV  
  18  1:15  SCV  
  19  1:28  Orbital Command, Barracks Reactor  
  19  1:42  Command Center  
  19  1:53  Supply Depot  
  19  1:55  SCV  
  20  2:04  Marine  
  20  2:05  Marine  
  20  2:07  SCV  
  23  2:19  SCV  
  23  2:22  Marine x2  
  26  2:30  Factory  
  26  2:32  Barracks, SCV  
  27  2:37  Refinery  
  27  2:44  SCV  
  27  2:46  Marine x2  
  30  2:58  Orbital Command  
  30  3:01  SCV  
  30  3:05  Marine x2  
  33  3:13  SCV  
  33  3:17  Factory Tech Lab  
  33  3:19  Barracks Tech Lab  
  34  3:23  SCV, Marine x2  
  34  3:25  SCV  
  38  3:36  SCV  
  38  3:37  SCV, Supply Depot  
  38  3:40  Siege Tank, Supply Depot  
  43  3:48  SCV  
  43  3:49  SCV  
  43  3:50  Combat Shield  
  43  3:51  Marine  
  46  3:58  Marine  
  46  4:01  SCV, Marine  
  49  4:05  Supply Depot  
  49  4:09  Marine  
  50  4:12  SCV, Siege Tank  
  50  4:13  SCV  
  55  4:21  Marine x2  
  57  4:25  SCV x2  
  57  4:28  Supply Depot  
  57  4:31  Starport  
  59  4:34  Barracks  
  59  4:37  Refinery, SCV x2  
  61  4:40  Marine  
  61  4:41  Marine x2  
  64  4:47  Engineering Bay  
  64  4:50  Siege Tank  
  67  4:55  Supply Depot  
  67  4:58  SCV  
  67  4:59  SCV  
  69  5:02  Marine x3  
  72  5:08  Starport Reactor  
  72  5:09  Stimpack  
  72  5:14  Terran Infantry Weapons Level 1  
  72  5:20  Marine x4  
  76  5:25  Siege Tank  
  79  5:37  Supply Depot  
  79  5:38  Supply Depot, Marine x3  
  79  5:39  Barracks Reactor  
  82  5:44  Barracks  
  82  5:45  Barracks  
  82  5:55  Marine  
  82  5:56  Marine x2  
  85  5:59  Medivac x2  
  85  6:01  Supply Depot  
  85  6:02  Supply Depot  
  89  6:13  Marine x2  
  89  6:14  Marine  
  89  6:16  Marine x2  
  94  6:18  Siege Tank  
  94  6:24  Supply Depot  
  97  6:25  Supply Depot  
  97  6:28  Medivac  
  97  6:31  Marine x4  
  97  6:32  Marine  
  104  6:34  Marine x2  
  106  6:47  Supply Depot  
  106  6:48  Supply Depot  
  106  6:49  Marine x3  
  106  6:52  Marine x3  
  112  6:54  Siege Tank, Marine  
  116  7:07  Marine x3  
  119  7:10  Supply Depot, Marine x3  
  121  7:20  Marine  
  122  7:25  Marine x3  
  122  7:26  Siege Tank  
  122  7:28  Marine x3  
  131  7:38  Marine  
  131  7:42  Marine x2  
  131  7:43  Marine  
  134  7:45  Marine  
  134  7:46  Marine x2  
  137  7:56  Marine  
  141  7:58  Siege Tank  
  141  8:00  Marine x3  
  141  8:02  Terran Infantry Armor Level 1, Supply Depot  
  141  8:03  Marine  
  141  8:04  Marine x2  
  147  8:14  Marine  
  147  8:18  Marine x3  
  148  8:21  SCV, Marine x3  
  151  8:31  Marine  
  152  8:36  Marine x3  
  152  8:39  Marine x3  
  158  8:49  Marine  
  158  8:54  Marine x3  
  162  8:57  Marine x3  
  165  9:07  Marine  
  166  9:16  Marine x2  
  166  9:17  Marine  
  166  9:20  Marine  
  166  9:21  Marine  
  166  9:22  Marine  
  166  9:25  Marine, Medivac  
  166  9:26  Siege Tank  
Tags
 
Add a new tag
Caveats
  • Supply blocks, unpowered buildings, or Contaminate may cause inaccurate times.
  • Supply counts are checked every 10 seconds.